 Dungeon Crawl Stone Soup version 0.29-a0-266-gf56f883ddd (webtiles) character file.

Game seed: 14847127141363186911

16 sammy202020 the Chopper (level 2, 0/37 HPs)
             Began as a Palentonga Berserker on Mar 6, 2022.
             Was a Follower of Trog.
             Slain by a kobold
             ... wielding a +0 short sword
              (1 damage)
             ... on level 1 of the Dungeon.
             The game lasted 00:00:38 (498 turns).

sammy202020 the Chopper (Palentonga Berserker)       Turns: 498, Time: 00:00:39

Health: 0/37       AC:  4    Str: 20    XL:     2   Next: 37%
Magic:  2/2        EV:  9    Int:  7    God:    Trog [*.....]
Gold:   2          SH:  0    Dex:  9    Spells: 1/1 levels left

rFire   . . .      SeeInvis +   a - +0 hand axe
rCold   . . .      Faith    .   (no shield)
rNeg    . . .      Spirit   .   b - +0 animal skin
rPois   .          Reflect  .   (no helmet)
rElec   .          Harm     .   (no cloak)
rCorr   .          Rampage  .   (no gloves)
Will    .....                   (no barding)
Stlth   ..........              (no amulet)
HPRegen 0.12/turn               (no ring)
MPRegen 0.08/turn               (no ring)

@: berserking, very quick
A: large, rugged brown scales 3, see invisible, deformed body, roll 1, armoured
tail
a: Rolling Charge, Renounce Religion, Berserk


You were on level 1 of the Dungeon.
You worshipped Trog.
Trog was aware of your devotion.
You visited 1 branch of the dungeon, and saw 1 of its levels.

You collected 2 gold pieces.

Inventory:

Hand Weapons
 a - a +0 hand axe (weapon)
Armour
 b - a +0 animal skin (worn)
Potions
 c - a potion of might {unknown}


   Skills:
 + Level 3.2 Fighting
 + Level 3.2 Axes
 + Level 1.8 Armour
 + Level 1.9 Dodging


You had one spell level left.
You didn't know any spells.
Your spell library was empty.

Dungeon Overview and Level Annotations

Branches:
Dungeon (1/15)

Altars:


Innate Abilities, Weirdness & Mutations

You are completely covered in rugged brown scales. (AC +3, +7% HP)
You have supernaturally acute eyesight. (SInv)
Armour fits poorly on your strangely shaped body.
You can roll at nearby foes to attack.
You have a long armoured tail.


Message History

Trog accepts your kill.
You closely miss the jackal. You hit the jackal.
The jackal bites you but does no damage.
The jackal closely misses you.
A giant cockroach comes into view.
The jackal closely misses you. The frilled lizard bites you.
* * * LOW HITPOINT WARNING * * *
The kobold hits you with a +0 short sword.
* * * LOW HITPOINT WARNING * * *
You see here a jackal corpse.
You barely miss the jackal.
The jackal is lightly wounded.
You miss the jackal. You slash the jackal!
You kill the jackal!
Trog accepts your kill.
You miss the kobold. You hit the frilled lizard.
You kill the frilled lizard!
Trog accepts your kill.
The jackal bites you but does no damage.
The jackal completely misses you.
A jackal comes into view.
The kobold closely misses you.
You completely miss the kobold.
The jackal barks!
You hit the jackal. You closely miss the jackal. The jackal barely misses you.
The jackal bites you but does no damage.
The dart slug launches a dart at you.
The slug dart hits you but does no damage.
The kobold closely misses you.
You barely miss the kobold. You closely miss the jackal.
You barely miss the jackal. The jackal closely misses you.
The jackal bites you but does no damage.
The jackal closely misses you.
You closely miss the kobold. You slash the jackal!
You feel the power of Trog in you as your rage grows.
You kill the jackal!
Trog accepts your kill.
You completely miss the jackal.
The kobold hits you with a +0 short sword.
You die...

...##.## #. #.##.#
#.....###.# #.#..
#....##.#### ###..#
#.....#)...####....#
#......÷##...#..####
.. #......#####..÷##
... ######...#.#
##+##
(..###.....h....###
..w....##h..@†....#
.......##..†K.....#
.......#..........#
.......#Bw..........
.....................
.....)........>......
######..............
#.....##..#....
#.....# ..###+#


You could see a dart slug, 2 jackals, a giant cockroach and a kobold.

Vanquished Creatures
  A bat (D:1)
  An endoplasm (D:1)
  7 jackals (D:1)
  A kobold (D:1)
  2 ball pythons (D:1)
  2 frilled lizards (D:1)
14 creatures vanquished.

Notes
Turn   | Place    | Note
-------+----------+-------------------------------------------
     0 | D:1      | sammy202020 the Palentonga Berserker began the quest for
                  | the Orb.
     0 | D:1      | Reached XP level 1. HP: 19/19 MP: 1/1
   145 | D:1      | Reached XP level 2. HP: 5/24 MP: 2/2
   494 | D:1      | HP: 1/37 [kobold/+0 short sword (3)]
   498 | D:1      | Slain by a kobold

Illustrated notes

Levels and vault maps discovered:
D:1:      dpeg_arrival_simpleton_a, layout_basic

Action                   || total
-------------------------++-------
Melee: Hand axe          ||    34
       Tailslap          ||     1
Invok: Berserk           ||     1
Armor: Animal skin       ||    41
Dodge: Dodged            ||    45

Table legend: (Time is in decaauts)
 A = Elapsed time spent in this place.
 B = Non-inter-level travel time spent in this place.
 C = Inter-level travel time spent in this place.
 D = Time resting spent in this place.
 E = Time spent auto-exploring this place.
 F = Levels seen in this place.
 G = Mean time per level.
                   A        B        C        D        E       F      G
               +--------+--------+--------+--------+--------+-----+--------+
         Total |    500 |    500 |      0 |    275 |    118 |   1 |  500.0 |
       Dungeon |    500 |    500 |      0 |    275 |    118 |   1 |  500.0 |
               +--------+--------+--------+--------+--------+-----+--------+

Top non-repeatable levels by time:
     D:1: 500 daAuts
